 Dungeon Crawl Stone Soup version 0.28-a0-425-gd0eccab798 (webtiles) character file.

Game seed: 408424320119111654

51 rogsnak the Digger (level 3, 0/19 HPs)
             Began as a Tengu Earth Elementalist on Sept 9, 2021.
             Slain by a hobgoblin (3 damage)
             ... on level 2 of the Dungeon.
             The game lasted 00:03:01 (1836 turns).

rogsnak the Digger (Tengu Earth Elementalist)       Turns: 1836, Time: 00:03:03

Health: 0/19       AC:  2    Str:  8    XL:     3   Next: 81%
Magic:  7/7        EV: 12    Int: 16    God:
Gold:   34         SH:  0    Dex: 14    Spells: 3/7 levels left

rFire   . . .      SeeInvis .   h - +2 whip (venom)
rCold   . . .      Faith    .   (no shield)
rNeg    . . .      Spirit   .   b - +0 robe
rPois   .          Reflect  .   (helmet restricted)
rElec   .          Harm     .   (no cloak)
rCorr   .          Rampage  .   (no gloves)
Will    .....                   (boots unavailable)
Stlth   ++........              (no amulet)
HPRegen 0.06/turn               (no ring)
MPRegen 0.10/turn               (no ring)

@: no status effects
A: beak, talons 3
a: no special abilities


You were on level 2 of the Dungeon.
You visited 1 branch of the dungeon, and saw 2 of its levels.

You collected 34 gold pieces.

Inventory:

Hand Weapons
 d - a +0 dagger
 e - a +0 spear
 h - a +2 whip of venom (weapon)
Missiles
 c - 46 stones
Armour
 b - a +0 robe (worn)
Scrolls
 a - a scroll of enchant armour {unknown}
 f - a scroll of vulnerability {unknown}
 g - a scroll of immolation


   Skills:
 + Level 0.3 Fighting
 + Level 2.5 Dodging
 - Level 2.0 Stealth
 + Level 2.5 Spellcasting
 * Level 0.3 Conjurations
 - Level 0.7 Transmutations
 + Level 2.9 Earth Magic


You had 3 spell levels left.
You knew the following spells:

 Your Spells              Type           Power      Damage    Failure   Level
a - Sandblast             Erth           22%        2d7       6%          1
b - Stone Arrow           Conj/Erth      14%        3d7       30%         3

Your spell library contained the following spells:

 Spells                   Type           Power      Damage    Failure   Level
 Passwall                 Tmut/Erth      5%         N/A       14%         2
 Petrify                  Tmut/Erth      7%         N/A       67%         4


Dungeon Overview and Level Annotations

Branches:
Dungeon (2/15)

Altars:


Innate Abilities, Weirdness & Mutations

You have a beak for a mouth.
You have claws for feet.


Message History

The adder barely misses you. x2
Unknown command.
You closely miss the adder. Your kick misses the adder.
The adder is heavily wounded.
The adder barely misses you.
You hit the adder.
The adder looks as sick as possible!
Your kick misses the adder. You peck the adder, but do no damage.
The adder is severely wounded.
The adder bites you.
You are poisoned.
The adder poisons you! The adder closely misses you.
Casting: Sandblast (safe; 6% risk of failure)
Confirm with . or Enter, or press ? or * to list all spells.
You don't know that spell.
Unknown command.
You hit the adder.
The adder looks as sick as possible!
Your kick misses the adder. Your peck misses the adder.
The adder is almost dead.
You feel sick.
You kill the adder!
The ball python bites you. The ball python closely misses you.
Unknown command.
You barely miss the ball python.
You feel sick. The ball python bites you. The ball python closely misses you.
You closely miss the ball python.
You feel sick. The ball python barely misses you. x2
You whack the ball python!
You kill the ball python!
You feel sick. The kobold hits you but does no damage.
You hit the kobold.
You kill the kobold!
You feel sick.
You hit the hobgoblin but do no damage.
The hobgoblin is poisoned.
You claw the hobgoblin.
The hobgoblin is severely wounded.
You feel sick.
You are no longer poisoned.
The giant cockroach waves its antennae.
The hobgoblin hits you.
You die...

#.#...........###
....#.####.. ..# #.#.#.#
######.# #.#.#.#
#...##.# #.#...#
#...##.#
#.########...##.# #..
............# #..
###########...#####r....
..........'...'.@ggS...#
###########...#####B##..
#...# #####


You could see an adder, a giant cockroach, a hobgoblin (very poisoned), a goblin
and a rat.

Vanquished Creatures
  An adder (D:2)
  A gnoll (D:1)
  4 ball pythons
  2 bats (D:1)
  3 endoplasms (D:1)
  A giant cockroach (D:1)
  A hobgoblin (D:1)
  4 jackals (D:1)
  6 kobolds
  2 frilled lizards (D:1)
  2 goblins (D:1)
  4 rats (D:1)
31 creatures vanquished.

Notes
Turn   | Place    | Note
-------+----------+-------------------------------------------
     0 | D:1      | rogsnak the Tengu Earth Elementalist began the quest for
                  | the Orb.
     0 | D:1      | Reached XP level 1. HP: 10/10 MP: 4/4
   569 | D:1      | Reached XP level 2. HP: 6/15 MP: 0/6
   749 | D:1      | Found a faded altar of an unknown god.
   986 | D:1      | Reached XP level 3. HP: 13/19 MP: 7/7
  1731 | D:2      | Learned a level 3 spell: Stone Arrow
  1836 | D:2      | Slain by a hobgoblin

Illustrated notes

Levels and vault maps discovered:
D:1:      mrwooster_arrival_statue_2, layout_loops_ring,
          hellmonk_ecumenical_altar_blasted, minmay_stone_trees_small
D:2:      layout_basic, minmay_misc_feat_nine_boxes, minmay_circle_x

Action                   || total
-------------------------++-------
Melee: Unarmed           ||    21
       Dagger            ||     4
       Kick              ||    11
       Spear             ||    64
       Peck              ||     7
       Whip              ||    13
 Cast: Sandblast         ||    11
 Stab: Sleeping          ||     6
Armor: Robe              ||    16
Dodge: Dodged            ||    51

Table legend: (Time is in decaauts)
 A = Elapsed time spent in this place.
 B = Non-inter-level travel time spent in this place.
 C = Inter-level travel time spent in this place.
 D = Time resting spent in this place.
 E = Time spent auto-exploring this place.
 F = Levels seen in this place.
 G = Mean time per level.
                   A        B        C        D        E       F      G
               +--------+--------+--------+--------+--------+-----+--------+
         Total |   1840 |   1832 |      8 |    823 |    682 |   2 |  920.0 |
       Dungeon |   1840 |   1832 |      8 |    823 |    682 |   2 |  920.0 |
               +--------+--------+--------+--------+--------+-----+--------+

Top non-repeatable levels by time:
     D:1: 1715 daAuts
     D:2: 125 daAuts
